 Dungeon Sprint DCSS version 0.30-a0-389-g8d7d949f56 (webtiles) character file.

Game seed: 17147851585652205718

2288 mhtbhm the Earth Mage (level 9, -2/45 HPs)
             Began as a Deep Elf Earth Elementalist on Dec 4, 2022.
             Was a Priest of Vehumet.
             Killed from afar by an air elemental (8 damage)
             ... with a stunning burst
             ... while paralysed by an air elemental
             ... in the Dungeon (Sprint V: "Ziggurat Sprint").
             The game lasted 00:05:18 (403 turns).

mhtbhm the Earth Mage (Deep Elf Earth Elementalist)  Turns: 403, Time: 00:05:19

Health: -2/45      AC:  5    Str:  5    XL:     9   Next: 17%
Magic:  25/28      EV:  2    Int: 37    God:    Vehumet [***...]
Gold:   0          SH:  0    Dex: 15    Spells: 25/35 levels left

rFire   + . .      SeeInvis .    B - +8 lance "Wyrmbane" {slay drac, rPois rF+ rC+ AC+3}
rCold   + . .      Faith    .    (no shield)
rNeg    . . .      Spirit   .    a - +0 robe
rPois   +          Reflect  .    (no helmet)
rElec   .          Harm     .    (no cloak)
rCorr   .          Rampage  .    (no gloves)
Will    .....      NoTele   +    (no boots)
Stlth   ++++......               (no amulet)
HPRegen 0.27/turn                t - +6 ring of intelligence
MPRegen 0.21/turn                u - +6 ring of intelligence

@: paralysed
A: no striking features
a: Renounce Religion


You were in the Dungeon.
You worshipped Vehumet.
Vehumet was most pleased with you.
You visited 1 branch

Inventory:

Hand Weapons
 B - the +8 lance "Wyrmbane" (weapon) {slay drac, rPois rF+ rC+ AC+3}
   (You found it in the Dungeon)

   It inflicts extra damage against dragons and draconians.
   AC:        It affects your AC (+3).
   rF:        It protects you from fire.
   rC:        It protects you from cold.
   rPois:     It protects you from poison.
Armour
 a - a +0 robe (worn)
Magical Staves
 s - a staff of earth
Jewellery
 t - a +6 ring of intelligence (left hand)
 u - a +6 ring of intelligence (right hand)
Wands
 x - a wand of mindburst (7)
 y - a wand of iceblast (6)
 z - a wand of light (1)
Scrolls
 g - 4 scrolls of blinking
 m - 4 scrolls of amnesia
 n - 7 scrolls of butterflies
 o - 5 scrolls of identify
 p - 2 scrolls of fear
Potions
 b - 8 potions of magic
 c - 10 potions of curing
 d - 14 potions of heal wounds
 e - 6 potions of haste
 f - 3 potions of berserk rage
 h - 2 potions of brilliance
 i - 2 potions of invisibility
 j - 4 potions of resistance
 k - a potion of experience
 l - 5 potions of might
Miscellaneous
 q - a condenser vane (inert)
 r - a tin of tremorstones (inert)
 A - a lightning rod (4/4)


   Skills:
 + Level 8.3 Dodging
 + Level 9.1 Stealth
 + Level 13.8 Spellcasting
 + Level 3.8 Conjurations
 + Level 2.3 Transmutations
 + Level 15.4 Earth Magic
 + Level 5.7 Evocations


You had 25 spell levels left.
You knew the following spells:

 Your Spells              Type           Power      Damage    Failure   Level
a - Sandblast             Erth           100%       2d20      0%          1
b - Passwall              Tmut/Erth      61%        N/A       1%          2
c - Stone Arrow           Conj/Erth      100%       3d13      1%          3
d - Petrify               Tmut/Erth      74%        N/A       1%          4

Your spell library contained the following spells:

 Spells                   Type           Power      Damage    Failure   Level
 Static Discharge         Conj/Air       78%        2-6/arc   1%          2
 Summon Ice Beast         Ice/Summ       25%        N/A       14%         4
 Summon Lightning Spire   Summ/Air       25%        N/A       14%         4
 Summon Mana Viper        Hex/Summ       25%        N/A       38%         5
 Monstrous Menagerie      Summ           12%        N/A       100%        7
 Storm Form               Tmut/Air       17%        N/A       100%        7
 Maxwell's Capacitive Co  Air            12%        ∞         100%        8


Dungeon Overview and Level Annotations

Branches:
Dungeon (1/1)

Altars:
Ashenzari
Cheibriados
Dithmenos
Elyvilon
Fedhas
Gozag
Hepliaklqana
Kikubaaqudgha
Makhleb
Nemelex Xobeh
Okawaru
Qazlal
Ru
Sif Muna
Trog
Uskayaw
Vehumet
Wu Jian
Xom
Yredelemnul
Zin
The Shining One
Jiyva
Lugonu

Annotations:
D 1 transporter


Message History

Found five items.
Found a transporter.
Unknown command.
Unknown command.
Unknown command.
Okay, then.
Casting: Stone Arrow (safe; 1% risk of failure)
Confirm with . or Enter, or press ? or * to list all spells.
Okay, then.
Clouds of flame condense around you!
The condenser dries out!
The air elemental is engulfed in blazing flames. x13
Unknown command.
Unknown command.
Unknown command.
Casting: Stone Arrow (safe; 1% risk of failure)
Confirm with . or Enter, or press ? or * to list all spells.
Aiming: Stone Arrow (safe; 1% risk of failure)
Press: ? - help, Shift-Dir - straight line, f - air elemental
Aim: an air elemental (flame, heavily damaged, wandering, hasn't noticed you, 55% to hit)
The stone arrow misses the air elemental.
The air elemental is engulfed in blazing flames.
The air elemental fires a burst of electricity at you.
The stunning burst hits the air elemental.
The air elemental completely resists.
The stunning burst hits you!
You suddenly lose the ability to move!
The air elemental is engulfed in blazing flames. x4
The air elemental fires a burst of electricity at you.
The stunning burst hits the air elemental.
The air elemental completely resists.
The stunning burst hits you.
The air elemental is engulfed in blazing flames. x2
The air elemental fires a burst of electricity at you.
The stunning burst hits you!
The air elemental is engulfed in blazing flames. x2
The air elemental fires a burst of electricity at you.
The stunning burst hits you!
* * * LOW HITPOINT WARNING * * *
The air elemental is engulfed in blazing flames.
The air elemental fires a burst of electricity at you.
The stunning burst hits the air elemental.
The air elemental completely resists.
The stunning burst hits you!
You die...

▓..©..▓..©..▓▓▓▓▓▓▓
▓▓▓▓▓▓▓▓▓▓▓▓▓▓▓▓▓▓▓
▓..8©8...▓.§8§8§..▓
▓..)))...▓.§§EE§..▓
▓..).†...▓.EE§§§..▓
▓........▓.§§§§§..▓
▓........▓...E....▓
▓.▓....▓.▓.▓....▓.▓
▓...©....▓...@....▓
▓▓▓▓▓▓▓▓▓▓▓▓▓▓▓▓▓▓▓


You could see 5 air elementals.

Vanquished Creatures
  2 deep elf zephyrmancers (D)
  4 toenail golems (D)
  A tengu (shapeshifter) (D)
  An earth elemental (D)
  An orc priest (D)
  An orc wizard (D)
  An orc (D)
  2 bat zombies (D)
13 creatures vanquished.

Notes
Turn   | Place    | Note
-------+----------+-------------------------------------------
     0 | D        | mhtbhm the Deep Elf Earth Elementalist began the quest for
                  | the Orb.
     0 | D        | Reached XP level 1. HP: 10/10 MP: 6/6
     0 | D        | Found a shimmering blue altar of Sif Muna.
     0 | D        | Found a sacrificial altar of Ru.
     0 | D        | Found a bloodstained altar of Trog.
     0 | D        | Found a stormy altar of Qazlal.
     0 | D        | Found an iron altar of Okawaru.
     0 | D        | Found a sparkling altar of Nemelex Xobeh.
     0 | D        | Found a blossoming altar of Fedhas.
     0 | D        | Found the +6 Majin-Bo {vamp, MP+6 Int+6}
     0 | D        | Found the +9 heavy crossbow "Sniper" {vorpal, Acc+∞ SInv}
     0 | D        | Found the +10 dark maul {vorpal}
     0 | D        | Found the +15 Maxwell's patent armour {-Cast -Tele rElec
                  | Will+ rCorr}
     0 | D        | Found the +18 shield of the Gong {rElec rN+ Will+ EV-5}
     0 | D        | Found the +14 obsidian axe {vorpal, Mesm Drain Fly SInv}
     0 | D        | Found the +7 great mace "Firestarter" {inner flame, rF++}
     0 | D        | Found the +6 shillelagh "Devastator" {shatter}
     0 | D        | Found the +11 plutonium sword {Contam Stlth-}
     0 | D        | Found the +8 lance "Wyrmbane" {slay drac, rPois rF+ rC+
                  | AC+3}
     0 | D        | Found the +9 sword of Zonguldrok {reap}
     0 | D        | Found the +13 scythe of Curses {drain, Drain}
     0 | D        | Found the +5 sword of Power {vorpal}
     0 | D        | Found the +7 mace of Variability {chain chaos}
     0 | D        | Found the +7 Singing Sword {vorpal, sonic wave}
     0 | D        | Found the +8 storm bow {elec, penet}
     2 | D        | Found a transporter.
     2 | D        | Found an ancient bone altar of Kikubaaqudgha.
     2 | D        | Found a viscous altar of Jiyva.
     2 | D        | Found a corrupted altar of Lugonu.
     2 | D        | Found a hazy altar of Hepliaklqana.
     2 | D        | Found a burning altar of Makhleb.
     2 | D        | Found an opulent altar of Gozag.
    40 | D        | Became a worshipper of Vehumet
    62 | D        | Entered arena 2.
    62 | D        | Found a transporter.
    94 | D        | Entered arena 3.
    94 | D        | Noticed an orc priest
    94 | D        | Noticed an orc wizard
    94 | D        | Found a transporter.
    95 | D        | Killed an orc priest
    95 | D        | Reached * piety under Vehumet
    95 | D        | Offered knowledge of Kiss of Death by Vehumet.
    95 | D        | Killed an orc wizard
    96 | D        | Reached skill level 5 in Spellcasting
    96 | D        | Reached skill level 6 in Earth Magic
    96 | D        | Reached XP level 2. HP: 15/15 MP: 7/10
    96 | D        | Reached XP level 3. HP: 19/19 MP: 8/12
   133 | D        | Learned a level 2 spell: Passwall
   137 | D        | Learned a level 3 spell: Stone Arrow
   147 | D        | Entered arena 4.
   147 | D        | Noticed a toenail golem
   147 | D        | Noticed a toenail golem
   147 | D        | Noticed a toenail golem
   147 | D        | Noticed a toenail golem
   147 | D        | Found a transporter.
   155 | D        | Killed a toenail golem
   155 | D        | Reached ** piety under Vehumet
   156 | D        | Reached skill level 1 in Conjurations
   156 | D        | Reached skill level 11 in Earth Magic
   156 | D        | Reached XP level 4. HP: 24/24 MP: 4/17
   156 | D        | Reached XP level 5. HP: 28/28 MP: 4/18
   156 | D        | Reached XP level 6. HP: 32/32 MP: 4/20
   160 | D        | Killed a toenail golem
   161 | D        | Reached skill level 10 in Spellcasting
   161 | D        | Reached skill level 12 in Earth Magic
   161 | D        | Reached XP level 7. HP: 20/36 MP: 3/23
   163 | D        | Killed a toenail golem
   164 | D        | Reached skill level 13 in Earth Magic
   164 | D        | Reached XP level 8. HP: 24/41 MP: 1/25
   165 | D        | Killed a toenail golem
   166 | D        | Reached skill level 14 in Earth Magic
   247 | D        | Learned a level 4 spell: Petrify
   290 | D        | Entered arena 5.
   290 | D        | Found the +8 demon blade "Leech" {vamp, Harm Drain rN+}
   290 | D        | Noticed a deep elf zephyrmancer
   290 | D        | Noticed a deep elf zephyrmancer
   290 | D        | Found a transporter.
   292 | D        | Killed a deep elf zephyrmancer
   292 | D        | Reached *** piety under Vehumet
   292 | D        | Offered knowledge of Static Discharge by Vehumet.
   292 | D        | Killed a deep elf zephyrmancer
   293 | D        | Reached skill level 15 in Earth Magic
   293 | D        | Reached skill level 5 in Evocations
   293 | D        | Reached XP level 9. HP: 45/45 MP: 26/28
   401 | D        | Entered arena 6.
   401 | D        | Found a transporter.
   403 | D        | Paralysed by an air elemental for 1 turns
   403 | D        | Killed from afar by an air elemental

Illustrated notes

Levels and vault maps discovered:
D:        sprint_v [room_start, room_1, room_2, room_3, room_4, room_5, room_6,
          room_7, room_8, room_9, room_10, room_11, room_12, room_13, room_14,
          room_15, room_16, room_17, room_18, room_19, room_20, room_21,
          room_22, room_23, room_24, room_25, room_26, room_27]

Skill      XL: |  1  2  3  4  5  6  7  8 |
---------------+-------------------------+-----
Dodging        | 3 6 7 8 |  8.3
Stealth        | 4 6 7 9 |  9.1
Spellcasting   | 5 9 10 11 13 | 13.8
Earth Magic    | 6 11 12 13 15 | 15.4
Conjurations   | 1 2 3 |  3.8
Evocations     | 2 3 5 |  5.7
Transmutations | 2 |  2.3

Action                   |  1- 3 |  4- 6 |  7- 9 || total
-------------------------+-------+-------+-------++-------
 Cast: Sandblast         |     2 |     2 |     1 ||     5
       Stone Arrow       |     4 |     1 |     3 ||     8
Evoke: Condenser vane    |     2 |       |     2 ||     4
       Wand              |     3 |     2 |     2 ||     7
       Lightning rod     |       |       |     2 ||     2
       Tin of tremorston |       |       |     2 ||     2
Armor: Robe              |       |     1 |       ||     1
Dodge: Dodged            |     1 |     2 |     1 ||     4

Table legend: (Time is in decaauts)
 A = Elapsed time spent in this place.
 B = Non-inter-level travel time spent in this place.
 C = Inter-level travel time spent in this place.
 D = Time resting spent in this place.
 E = Time spent auto-exploring this place.
 F = Levels seen in this place.
 G = Mean time per level.
                   A        B        C        D        E       F      G
               +--------+--------+--------+--------+--------+-----+--------+
         Total |    403 |    403 |      0 |    246 |      5 |   1 |  403.0 |
       Dungeon |    403 |    403 |      0 |    246 |      5 |   1 |  403.0 |
               +--------+--------+--------+--------+--------+-----+--------+

Top non-repeatable levels by time:
       D: 403 daAuts
